cohdb
Replays
Latest Replays
All Replays
Popular Replays
Top Player Replays
Match Explorer
How It Works
Community
CoH3 Stats
Reddit
Sign in to upload your games and track your stats! →
Sign in with Steam
Match 44080056
Unlisted
Match 44080056
Overview
Messages
Build Orders
End
Pioneer Squad
Construct Infanterie Kompanie
Pioneer Squad
MG 42 Machine Gun Team
Selects Terror Battlegroup
Selects Machine Gun Camouflage
Grenadier Squad
Grenadier Squad
Construct Luftwaffe Kompanie
Jäger Squad
221 Scout Car
Flak 30 Anti-aircraft Gun Team
Support Elements
Selects Defend the Fatherland
Wirbelwind Flakpanzer
Selects Interrogate
Medical Bunker
Jäger Squad
Luftwaffe Officer Quarters
Wirbelwind Flakpanzer
Marder III M Tank Destroyer
Marder III M Tank Destroyer
Pioneer Squad
Jopjahh
benjamin.schatz
0
0
Comments
sign in to comment!
No comments posted yet!